 Dungeon Crawl Stone Soup version 0.31-a0-263-ge8cad7f256 (webtiles) character file.

Game seed: 6521506852324338668

102 qw the Shooter (level 4, -2/36 HPs)
             Began as a Minotaur Hexslinger on July 13, 2023.
             Slain by a gnoll
             ... wielding a +0 flail
              (6 damage)
             ... on level 3 of the Dungeon.
             The game lasted 00:00:42 (1785 turns).

qw the Shooter (Minotaur Hexslinger)                Turns: 1785, Time: 00:00:43

Health: -2/36      AC:  5    Str: 11 (12) XL:     4   Next: 49%
Magic:  4/4        EV: 10    Int:  8 (10) God:
Gold:   111        SH:  0    Dex: 14 (15) Spells: 4/5 levels left

rFire   . . .        Y - +1 sling (flame)
rCold   . . .        (no shield)
rNeg    . . .        d - +0 ring mail
rPois   .            (helmet restricted)
rElec   .            (no cloak)
rCorr   .            (no gloves)
SInv    .            (no boots)
Will    .....        (no amulet)
Stlth   +            (no ring)
HPRegen 0.26/turn    (no ring)
MPRegen 0.09/turn

%: no passive effects
@: no status effects
A: horns 2, retaliatory headbutt
a: no special abilities


You were on level 3 of the Dungeon.
You visited 1 branch of the dungeon, and saw 3 of its levels.

You collected 111 gold pieces.


Innate Abilities, Weirdness & Mutations

You have a pair of horns on your head.
You reflexively headbutt those who attack you in melee.


   Skills:
 - Level 2.0 Fighting
 + Level 4.9 Ranged Weapons
 - Level 1.1 Armour
 - Level 2.1 Dodging
 - Level 1.0 Spellcasting
 - Level 2.0 Hexes


You had 4 spell levels left.
You knew the following spells:

 Your Spells              Type           Power      Damage    Failure   Level
a - Slow                  Hex            12%        N/A       38%         1

Your spell library contained the following spells:

 Spells                   Type           Power      Damage    Failure   Level
 Inner Flame              Hex/Fire       2%         N/A       88%         3
 Portal Projectile        Hex/Tloc       4%         N/A       88%         3
 Cause Fear               Hex            1%         N/A       99%         4

Inventory:

Hand Weapons
 Y - a +1 sling of flaming (weapon)
Armour
 d - a +0 ring mail (worn)
Jewellery
 b - a +6 ring of dexterity
Scrolls
 c - a scroll of enchant weapon {unknown}
 e - a scroll of identify
Potions
 a - a potion of curing
 h - a potion of haste
 k - a potion of enlightenment {unknown}

Dungeon Overview and Level Annotations

Branches:
Dungeon (3/15)

Altars:


Message History

Enter note:
Enter note: You shoot a sling bullet.
The sling bullet hits the goblin.
The sling bullet burns the goblin.
You kill the goblin!
A gnoll comes into view. It is wielding a +0 flail.
You shoot a sling bullet.
The sling bullet closely misses the gnoll.
The gnoll shouts!
A gnoll comes into view. It is wielding a +0 flail.
The gnoll shouts!
Enter note:
Enter note: You shoot a sling bullet.
The sling bullet closely misses the gnoll.
A gnoll comes into view. It is wielding a +0 flail.
You shoot a sling bullet.
The sling bullet closely misses the gnoll.
The gnoll shouts!
You shoot a sling bullet.
The sling bullet barely misses the gnoll.
The gnoll hits you with a +0 flail! The gnoll hits you with a +0 flail.
You shoot a sling bullet. The sling bullet hits the gnoll.
The sling bullet burns the gnoll.
The gnoll is severely wounded.
You shoot a sling bullet. The sling bullet hits the gnoll.
The sling bullet burns the gnoll.
The gnoll is severely wounded.
You shoot a sling bullet. The sling bullet hits the gnoll.
The sling bullet burns the gnoll.
The gnoll is almost dead.
The gnoll hits you with a +0 flail. The gnoll hits you with a +0 flail!
You shoot a sling bullet.
The sling bullet barely misses the gnoll.
The gnoll hits you with a +0 flail. The gnoll barely misses you.
You shoot a sling bullet. The sling bullet hits the gnoll!
The sling bullet burns the gnoll.
You kill the gnoll!
The gnoll hits you with a +0 flail.
You die...

##..(## #.####..#
##'## #.# #..# #.#
#.# #..# #.# #..
...# ##.########
##..........
#.....#####.
####...####
#.........@#
..####.%##)gg..)..
#..######.### #...
#.## #. #. #.


You could see 2 gnolls.

Vanquished Creatures
  Robin (D:3)
  A gnoll (D:3)
  3 adders
  2 worms
  A dart slug (D:3)
  An orc (D:3)
  7 bats
  3 endoplasms
  5 giant cockroaches
  12 goblins
  5 hobgoblins
  A quokka (D:2)
  3 ball pythons
  3 frilled lizards
  2 kobolds (D:2)
  4 rats
54 creatures vanquished.

Notes
Turn   | Place    | Note
-------+----------+-------------------------------------------
     0 | D:1      | qw the Minotaur Hexslinger began the quest for the Orb.
     0 | D:1      | Reached XP level 1. HP: 16/16 MP: 1/1
     0 | D:1      | 0 ||| qw: Version: 0.3-a-52-g30416fa
     0 | D:1      | 0 ||| qw: Game counter: 7391
     0 | D:1      | 0 ||| qw: Melee chars always use a shield: true
     0 | D:1      | 0 ||| qw: God list: Okawaru
     0 | D:1      | 0 ||| qw: Allow faded altars: false
     0 | D:1      | 0 ||| qw: Do Orc after clearing Dungeon:15 true
     0 | D:1      | 0 ||| qw: Do second Lair branch before Depths: true
     0 | D:1      | 0 ||| qw: Lair rune preference: random
     0 | D:1      | 0 ||| qw: Goals: Normal
     0 | D:1      | 0 ||| PLANNING D:1-11
   240 | D:1      | Reached skill level 3 in Ranged Weapons
   240 | D:1      | Reached XP level 2. HP: 23/23 MP: 2/2
   732 | D:1      | 732 ||| READING scroll labelled TONYARAEFIL.
   776 | D:1      | 776 ||| READING 2 scrolls labelled HEONKA XUOHAO.
   777 | D:1      | 777 ||| DRINKING 2 brown potions.
   787 | D:1      | 787 ||| DROPPING scroll of poison.
   788 | D:1      | 788 ||| DROPPING potion of ambrosia.
   829 | D:2      | Reached XP level 3. HP: 25/29 MP: 3/3
  1044 | D:2      | Reached skill level 4 in Ranged Weapons
  1433 | D:2      | 1433 ||| UPGRADING to +0 leather armour.
  1443 | D:2      | 1443 ||| DROPPING +0 robe.
  1444 | D:2      | 1444 ||| UPGRADING to +0 ring mail.
  1454 | D:2      | 1454 ||| DROPPING +0 leather armour.
  1455 | D:2      | 1455 ||| READING scroll labelled ETASAI VENEV.
  1458 | D:2      | 1458 ||| READING 2 scrolls labelled ZASHOKHL LAON.
  1459 | D:2      | 1459 ||| READING scroll labelled ATOMIU ZAIL.
  1460 | D:2      | 1460 ||| DRINKING 2 bubbling pink potions.
  1461 | D:2      | 1461 ||| DRINKING 4 lumpy golden potions.
  1462 | D:2      | 1462 ||| READING 2 scrolls of identify.
  1462 | D:2      | 1462 ||| IDENTIFYING dark potion
  1463 | D:2      | 1463 ||| DROPPING scroll of immolation.
  1464 | D:2      | 1464 ||| DROPPING 3 potions of degeneration.
  1510 | D:3      | Reached skill level 1 in Armour
  1586 | D:3      | Reached XP level 4. HP: 36/36 MP: 4/4
  1650 | D:3      | Noticed Robin
  1667 | D:3      | Killed Robin
  1783 | D:3      | HP: 7/36 [gnoll/+0 flail (9)]
  1785 | D:3      | Slain by a gnoll

Levels and vault maps discovered:
D:1:      heliophobic_arrival_dark_side_of_the_moon, layout_basic
D:2:      layout_basic, serial_curves, eino_curves_02, eino_curves_03,
          eino_curves_03
D:3:      layout_loops_corners, uniq_robin

Skill      XL: |  1  2  3 |
---------------+----------+-----
Ranged Weapons | 3 4 |  4.9
Fighting       | 2 |  2.0
Armour         | 1 |  1.1
Dodging        | |  2.1
Spellcasting   | |  1.0
Hexes          | |  2.0

Action                     |  1- 3 |  4- 6 || total
---------------------------+-------+-------++-------
   Fire: Sling             |   116 |    38 ||   154
    Use: Scroll            |     6 |       ||     6
         Potion            |     3 |       ||     3
 Armour: Robe              |    11 |       ||    11
         Ring mail         |       |    17 ||    17
  Dodge: Dodged            |    33 |    23 ||    56

Table legend:
 A = Non-vault XP
 B = Vault XP
 C = Vault XP percentage of total XP
 D = Non-vault monster count
 E = Vault monster count
 F = Vault count percentage of total count
                 A         B        C        D         E       F
            +---------+---------+-------+---------+---------+-------
      Total |     123 |      37 |  23.1 |      41 |      13 |  24.1
            +---------+---------+-------+---------+---------+-------
        D:1 |      29 |       0 |   0.0 |      18 |       0 |   0.0
        D:2 |      47 |       0 |   0.0 |      14 |       0 |   0.0
        D:3 |      47 |      37 |  44.0 |       9 |      13 |  59.1
            +---------+---------+-------+---------+---------+-------
